 Dungeon Crawl Stone Soup version 0.19.5 (webtiles) character file.

212 devil0150 the Grave Robber (level 5, 0/28 HPs)
             Began as a Deep Elf Necromancer on Apr 10, 2017.
             Killed from afar by an orc wizard (4 damage)
             ... with a puff of flame
             ... on level 4 of the Dungeon.
             The game lasted 00:16:19 (5305 turns).

devil0150 the Grave Robber (Deep Elf Necromancer)   Turns: 5305, Time: 00:16:19

Health: 0/28       AC:  3    Str:  6    XL:     5   Next: 58%
Magic:  12/15      EV: 13    Int: 20    God:
Gold:   176        SH:  0    Dex: 15    Spells: 2 memorised, 13 levels left

rFire  + . .     SeeInvis .     v - +0 dagger (curse)
rCold  + . .     Gourm    .     a - +1 robe
rNeg   . . .     Faith    .     (no shield)
rPois  .         Spirit   .     (no helmet)
rElec  .         Reflect  .     (no cloak)
rCorr  .         Harm     .     (no gloves)
MR     .....                    (no boots)
Stlth  +.........               (no amulet)
                                j - ring of protection from fire
                                i - ring of protection from cold

@: confused
A: no striking features
a: no special abilities


You were on level 4 of the Dungeon.
You were hungry.

You visited 1 branch of the dungeon, and saw 4 of its levels.

You collected 176 gold pieces.

Inventory:

Hand Weapons
 k - a +0 dagger
 l - a +0 short sword of holy wrath
 s - a +3 club
 v - a cursed +0 dagger (weapon)
Armour
 a - a +1 robe (worn)
Jewellery
 i - a ring of protection from cold (left hand)
 j - a ring of protection from fire (right hand)
 m - an uncursed ring of ice
Wands
 q - a wand of lightning (14/15)
Scrolls
 f - a scroll of teleportation
Potions
 e - a potion of brilliance
 h - a potion of curing
 n - 2 potions of flight {unknown}
 o - a potion of might {unknown}
 p - a potion of degeneration {unknown}
 t - a potion of lignification {unknown}
 u - a potion of magic {unknown}
 w - a potion of resistance {unknown}
Books
 b - a book of Necromancy

   Spells                             Type                      Level
   a - Pain                           Necromancy                   1
   b - Animate Skeleton               Necromancy                   1
   c - Vampiric Draining              Necromancy                   3
   d - Regeneration                   Charms/Necromancy            3
   e - Animate Dead                   Necromancy                   4
   f - Control Undead                 Necromancy                   4
Comestibles
 c - 6 bread rations
 d - a beef jerky
 g - 2 meat rations


   Skills:
 + Level 0.1 Fighting
 + Level 2.6 Dodging
 + Level 2.7 Stealth
 + Level 5.9 Spellcasting
 + Level 6.6 Necromancy


You had 13 spell levels left.
You knew the following spells:

 Your Spells              Type           Power        Failure   Level  Hunger
a - Pain                  Necr           ####         1%          1    None
b - Animate Skeleton      Necr           N/A          1%          1    None


Dungeon Overview and Level Annotations

Branches:
Dungeon (4/15)
 Temple: D:4-7

Altars:
Dithmenos


Message History

You hear some strange, mumbled words.
You are confused.
You bump into the rock wall.
The orc hits you with a flail.
* * * LOW HITPOINT WARNING * * *
You see here a tomahawk.
You're too confused to cast spells.
You bump into the rock wall.
Something barely misses you.
You're too confused to move!
The orc barely misses you.
You hear some strange, mumbled words.
You are more confused.
You closely miss the orc. The orc hits you with a flail.
* * * LOW HITPOINT WARNING * * *
Something hits you but does no damage. Something hits you but does no damage.
You're too confused to move!
You hear some strange, mumbled words.
A puff of flame appears from out of thin air!
The puff of flame hits you! You resist.
You die...

#.# #.# ###.# ...#
# #.#######o# #.
#..)..).o{.
#.###(.##.#.#.#
#....{o# # ###.#.@#
#######.#..#.#.
...............
#######.####.#. #.#
.# ####.# #
#.#####....####.###
#.................#
######>.#.#.##.#.#


You could see an orc.

Vanquished Creatures
  An orc wizard (D:4)
  Ijyb (D:3)
  A worker ant (D:4)
  2 adders (D:2)
  2 worms (D:2)
  A dart slug (D:2)
  A leopard gecko (D:3)
  18 orcs
  2 giant cockroaches (D:3)
  11 goblins
  8 hobgoblins
  7 jackals
  2 quokkas (D:2)
  2 ball pythons
  8 bats
  6 frilled lizards
  6 kobolds
  10 rats
89 creatures vanquished.

Vanquished Creatures (collateral kills)
  A goblin (D:3)
  A kobold (D:3)
2 creatures vanquished.

Grand Total: 91 creatures vanquished

Notes
Turn   | Place    | Note
-------+----------+-------------------------------------------
     0 | D:1      | devil0150 the Deep Elf Necromancer began the quest for the Orb.
     0 | D:1      | Reached XP level 1. HP: 10/10 MP: 6/6
    53 | D:1      | Reached skill level 5 in Necromancy
   275 | D:1      | Reached XP level 2. HP: 12/15 MP: 4/8
   374 | D:1      | Learned a level 1 spell: Animate Skeleton
  1202 | D:2      | Found a shadowy altar of Dithmenos.
  1239 | D:2      | Reached XP level 3. HP: 18/19 MP: 7/10
  2605 | D:2      | Reached XP level 4. HP: 14/24 MP: 7/12
  2811 | D:2      | Reached skill level 6 in Necromancy
  3836 | D:3      | Noticed Ijyb
  3866 | D:3      | Killed Ijyb
  4118 | D:3      | Reached skill level 5 in Spellcasting
  4280 | D:3      | Reached XP level 5. HP: 28/28 MP: 12/14
  5305 | D:4      | Killed from afar by an orc wizard

Skill      XL: |  1  2  3  4 |
---------------+-------------+-----
Necromancy     | 5 6 |  6.6
Spellcasting   | 4 5 |  5.9
Fighting       | |  0.1
Dodging        | |  2.6
Stealth        | |  2.7

Action                   |  1- 3 |  4- 6 || total
-------------------------+-------+-------++-------
Melee: Dagger            |       |     1 ||     1
 Cast: Pain              |    68 |    96 ||   164
       Animate Skeleton  |     4 |     7 ||    11
  Use: Scroll            |     8 |     8 ||    16
  Eat: Chunk             |     4 |     8 ||    12
Armor: Robe              |     4 |     5 ||     9
Dodge: Dodged            |    14 |    26 ||    40
